 Dungeon Crawl Stone Soup version 0.20.1-1-g8b1a95d (webtiles) character file.

37 ReignOfFire the Slasher (level 3, 0/27 HPs)
             Began as a Demonspawn Gladiator on July 19, 2017.
             Slain by Sigmund
             ... wielding a +2 scythe of slicing
              (1 damage)
             ... on level 2 of the Dungeon.
             The game lasted 00:01:33 (912 turns).

ReignOfFire the Slasher (Demonspawn Gladiator)       Turns: 912, Time: 00:01:33

Health: 0/27       AC:  4    Str: 15    XL:     3   Next: 21%
Magic:  3/3        EV: 13    Int:  9    God:
Gold:   77         SH:  0    Dex: 14    Spells: 2/2 levels left

rFire    . . .     SeeInvis .   a - +0 long sword
rCold    . . .     Gourm    .   (no shield)
rNeg     . . .     Faith    .   b - +0 leather armour
rPois    .         Spirit   .   c - +0 helmet
rElec    .         Reflect  .   (no cloak)
rCorr    .         Harm     .   (no gloves)
MR       .....                  (no boots)
Stlth    +.........             (no amulet)
Regen    0.1/turn               (no ring)
MPRegen  0.1/turn               (no ring)

@: confused
A: powered by pain 1
a: no special abilities


You were on level 2 of the Dungeon.
You were not hungry.

You visited 1 branch of the dungeon, and saw 2 of its levels.

You collected 77 gold pieces.

Inventory:

Hand Weapons
 a - a +0 long sword (weapon)
Armour
 b - a +0 leather armour (worn)
 c - a +0 helmet (worn)
 m - a +1 hat
Scrolls
 e - a scroll of fog {unknown}
 g - a scroll of amnesia {unknown}
 j - a scroll of enchant armour {unknown}
 l - a scroll of magic mapping {unknown}
 n - 3 scrolls of identify {unknown}
 o - a scroll of immolation {unknown}
 r - a scroll of recharging {unknown}
Potions
 k - a potion of heal wounds {unknown}
 p - a potion of lignification {unknown}
 q - a potion of ambrosia {unknown}
Comestibles
 f - 4 bread rations
 h - a meat ration
 i - a royal jelly


   Skills:
 + Level 2.2 Fighting
 + Level 3.1 Long Blades
 + Level 1.8 Throwing
 + Level 0.6 Armour
 + Level 3.1 Dodging


You had 2 spell levels left.
You didn't know any spells.

Dungeon Overview and Level Annotations

Branches:
Dungeon (2/15)

Altars:
Dithmenos
Ru
The Shining One

Annotations:
D:2 Sigmund


Innate Abilities, Weirdness & Mutations

You sometimes gain a little power by taking damage.


Message History

Sigmund is moderately wounded.
Sigmund struggles against the net.
You closely miss Sigmund.
Sigmund is moderately wounded.
Sigmund laughs darkly.
Sigmund struggles against the net.
You barely miss Sigmund.
Sigmund is moderately wounded.
Sigmund struggles against the net.
You're too confused to move!
Sigmund struggles against the net.
The net rips apart, and Sigmund comes free!
Unknown command.
Throwing (i - inventory):
d - a throwing net (quivered)
Press: ? - help, Shift-Dir - straight line, f/p - Sigmund
Aim: Sigmund, wielding a scythe of slicing and wearing a robe (moderately wounded)
You throw a throwing net. Sigmund barely misses you.
You bump into the rock wall.
Sigmund hits you with a scythe of slicing.
* * * LOW HITPOINT WARNING * * *
You die...

#.
#.###.#........#...........
#.
###.....#........#....####...
.. ........#........#...##
#... #.
##.###..#######'##...# #..<
#. #.. #....†..........# ####
#.##.#.#####.#..# #.
#.....###....#
#.######@....#.## .#
.......@.....#... .. #.##
###.#####...##.### #. ...
#.#.....#.# .# #.# ..#
#.#.....#.# .. ..###.......#
...## #. ..###......# ....#
###. #.##<...#### ...# #...
#.##.##.## ... ####.##
##....##..####.#.# ..##.##


You could see Sigmund.

Vanquished Creatures
  An adder (D:2)
  An ooze (D:1)
  A worm (D:2)
  A leopard gecko (D:1)
  2 giant cockroaches (D:1)
  2 goblins
  A hobgoblin (D:2)
  2 jackals (D:1)
  3 kobolds
  A quokka (D:2)
  A ball python (D:1)
  A bat (D:1)
  A frilled lizard (D:1)
  A rat (D:1)
19 creatures vanquished.

Notes
Turn   | Place    | Note
-------+----------+-------------------------------------------
     0 | D:1      | ReignOfFire the Demonspawn Gladiator began the quest for the Orb.
     0 | D:1      | Reached XP level 1. HP: 16/16 MP: 1/1
   108 | D:1      | Gained mutation: You sometimes gain a little power by taking damage. [demonic ancestry]
   108 | D:1      | Reached XP level 2. HP: 21/22 MP: 2/2
   387 | D:2      | Found a glowing golden altar of the Shining One.
   643 | D:2      | Reached XP level 3. HP: 9/27 MP: 3/3
   830 | D:2      | Found a sacrificial altar of Ru.
   830 | D:2      | Found a shadowy altar of Dithmenos.
   840 | D:2      | Noticed Sigmund
   845 | D:2      | HP: 1/27 [something (3)]
   912 | D:2      | HP: 1/27 [Sigmund/scythe of slicing (6)]
   912 | D:2      | Slain by Sigmund

Skill      XL: |  1  2 |
---------------+-------+-----
Dodging        | 3 |  3.1
Long Blades    | 3 |  3.1
Fighting       | |  2.2
Throwing       | |  1.8
Armour         | |  0.6

Action                   || total
-------------------------++-------
Melee: Long sword        ||    63
Throw: Throwing net      ||     3
Armor: Leather armour    ||    19
Dodge: Dodged            ||    43
       Rpst.: Long sword ||    17
